[Event "CZE-ch U10 Open 2023"]
[Site "Teplice"]
[Date "2023.03.17"]
[Round "8.2"]
[White "Trejbal, Jindrich"]
[Black "Kolar, Edvard"]
[Result "1/2-1/2"]
[ECO "B01"]
[WhiteElo "1937"]
[BlackElo "1518"]
[Annotator "TA"]
[PlyCount "136"]
[EventDate "2023.03.09"]
[EventType "swiss"]
[EventCountry "CZE"]
[SourceTitle "playchess.com"]
[Source "ChessBase"]
[SourceQuality "1"]
[TimeControl "40/5400+30:1800+30"]

1. e4 d5 2. exd5 Qxd5 3. Nc3 Qd6 4. d4 c6 5. Nf3 Nf6 6. Be2 {[%emt 0:12:07] B01: Scandinavian Defence.} Bf5 7. O-O Nbd7 8. Nh4 {[%emt 0:01:57] White is slightly better.} Bg6 9. f4 {[%emt 0:07:58] [#] f5 would be deadly.} Be4 $146 ({Better is} 9... e6) ({Predecessor:} 9... e6 10. f5 exf5 11. Bf4 Qb4 12. Bc7 Qe7 13. Qe1 Nc5 14. Be5 Ncd7 15. Bg3 O-O-O 16. Nxf5 Bxf5 17. Rxf5 {1-0 Hausdorf,H (2222)-Cuccumini,V (2192) W-ch WS/M/481 email 2014}) 10. Nxe4 $16 Nxe4 11. Qd3 Nef6 {[%emt 0:05:34] [#]} 12. Re1 {[%emt 0:09:46] White is more active.} (12. f5 $1 $16) 12... e6 $14 13. f5 (13. Nf3 $14) 13... O-O-O (13... e5 $11) 14. c3 ({White should try} 14. Nf3 $14) 14... Be7 $2 (14... e5 $15) 15. fxe6 $16 fxe6 16. g3 Qc7 17. Qc4 Nd5 18. Ng2 ({White should play} 18. Bg4 $16) 18... Rhe8 (18... Bf6 $11) 19. Bg4 Bd6 (19... Nf8 $16) 20. Bg5 (20. Rxe6 Kb8 $16) 20... N5f6 21. Bxe6 h6 22. Bxf6 gxf6 {[%emt 0:00:05] Black is weak on the light squares} 23. Qf1 Rf8 24. Nf4 Bxf4 25. Qxf4 ({Much less strong is} 25. gxf4 f5 26. Re2 Kb8 $16) 25... Qxf4 26. gxf4 Kc7 27. Re2 Nb6 28. Rae1 Nd5 29. Bxd5 Rxd5 $18 {[%emt 0:00:05][%mdl 4096] Endgame KRR-KRR} 30. Re7+ Kb6 31. Rg7 {[%emt 0:01:07] Prevents Rg8.} Rf5 32. Rg4 (32. Re4 $18) 32... h5 $16 33. Rh4 Ra5 34. a3 Rb5 35. Re2 Rf5 36. Kf2 Rg8 (36... c5 $16 {was called for.}) 37. Kf3 Rd5 38. Rg2 $2 {[%emt 0:00:56] Repels Rg1} (38. Re6 $18) 38... Rxg2 $14 39. Kxg2 {[%emt 0:00:06] KR-KR} Kc7 $2 {[%emt 0:00:35] [#]} (39... Rb5 $14) 40. Kf3 $1 $18 Kd6 41. Ke4 Ke6 42. c4 Rf5 43. Rh3 {[%emt 0:00:36] And now b4 would win.} b6 $2 (43... Ra5 44. c5 f5+ 45. Kd3 b6 46. cxb6 (46. Rxh5 bxc5 47. Rh6+ Kd7 $18) 46... axb6 47. Rxh5 Ra4) 44. b4 {[%emt 0:00:31] Black must now prevent Rd3.} b5 45. Rc3 bxc4 46. Rxc4 Rb5 47. Rxc6+ Ke7 48. Rc5 Rb7 49. Rxh5 Ke6 50. Rh6 {[%emt 0:00:41] d5+ is the strong threat.} Rf7 51. d5+ Kd6 52. Kf5 Kxd5 53. Rxf6 Rh7 54. Rg6 Rxh2 55. Kf6 Ra2 56. Rg3 Ke4 57. Rg7 (57. Rg4 $142 Kd5 58. Rg5+ Ke4 59. f5) 57... Rxa3 (57... Kxf4 $142 58. Rxa7 Ke4) 58. f5 {[%emt 0:00:15] Hoping for Rg4+.} Rf3 59. Ke6 ({Inferior is} 59. Rxa7 Rxf5+ 60. Ke7 Rb5 $11) (59. Re7+ $18 Kd5 60. Rxa7) 59... Rxf5 $11 {[%emt 0:00:48] The position is equal.} 60. Rg4+ Rf4 61. Rxf4+ Kxf4 {[%emt 0:00:13] KP-KP} 62. Kd5 Ke3 63. Kc6 Kd4 64. Kb5 Kd5 65. Ka5 Kc4 66. b5 Kc5 67. Ka6 Kb4 68. Kxa7 {[%emt 0:00:18] White threatens b6 and mate.} Kxb5 {Black escapes into a draw.   Weighted Error Value: White=0.22 (precise) /Black=0.42} 1/2-1/2

[Event "CZE-ch U10 Open 2023"]
[Site "Teplice"]
[Date "2023.03.17"]
[Round "8.3"]
[White "Skoloud, Josef"]
[Black "Kozusnik, Jan"]
[Result "1-0"]
[ECO "C36"]
[WhiteElo "1090"]
[BlackElo "1286"]
[Annotator "NA RC COMBH"]
[PlyCount "77"]
[EventDate "2023.03.09"]
[EventType "swiss"]
[EventCountry "CZE"]
[SourceTitle "playchess.com"]
[Source "ChessBase"]
[SourceQuality "1"]
[TimeControl "40/5400+30:1800+30"]

1. e4 e5 2. f4 exf4 3. Nf3 d5 4. e5 c5 5. c3 Nc6 6. d4 Bg4 7. Be2 Bxf3 8. Bxf3 Qh4+ 9. Kf1 Rd8 10. Qb3 Rd7 11. Bxd5 Nh6 12. Bxc6 bxc6 13. Qb8+ Ke7 14. e6 fxe6 15. Qxf4 Qxf4+ 16. Bxf4 cxd4 17. Ke2 Nf7 18. cxd4 Rxd4 19. Be3 Rd7 20. Nd2 Ne5 21. Rac1 Rb7 22. Bd4 Rb5 23. Rc5 Rxc5 24. Bxc5+ Kd7 25. Bxa7 Bd6 26. Bd4 Rf8 27. Rd1 Rf5 28. h3 g6 29. Ne4 Nf7 30. g4 Rf4 31. Nxd6 Nxd6 32. Bc5 Re4+ 33. Kf3 Re5 34. Bxd6 Rb5 35. Bc5+ Kc7 36. b4 Rb7 37. a4 Kc8 38. Rd6 Rf7+ 39. Ke4 1-0

[Event "CZE-ch U10 Open 2023"]
[Site "Teplice"]
[Date "2023.03.17"]
[Round "8.4"]
[White "Velim, Vojtech"]
[Black "Moravec, Rene"]
[Result "1-0"]
[ECO "A52"]
[WhiteElo "1369"]
[BlackElo "1216"]
[Annotator "NA RC COMBH"]
[PlyCount "63"]
[EventDate "2023.03.09"]
[EventType "swiss"]
[EventCountry "CZE"]
[SourceTitle "playchess.com"]
[Source "ChessBase"]
[SourceQuality "1"]
[TimeControl "40/5400+30:1800+30"]

1. d4 Nf6 2. c4 e5 3. dxe5 Ng4 4. e4 Nxe5 5. f4 Nec6 6. Be3 Na6 7. Nc3 Bc5 8. Bxc5 Nxc5 9. Nf3 d6 10. Be2 Bd7 11. O-O O-O 12. a3 a5 13. Rb1 f5 14. e5 dxe5 15. Qd5+ Ne6 16. Nxe5 Nxe5 17. fxe5 Qc8 18. c5 Bc6 19. Qc4 Kh8 20. b4 axb4 21. axb4 b6 22. b5 Be8 23. Bf3 Ra5 24. cxb6 Bf7 25. b7 Qb8 26. Qb4 Ra7 27. Qe7 Nd4 28. Bc6 Nxc6 29. bxc6 Ra6 30. Qc5 Bg6 31. Ra1 Rxa1 32. Rxa1 1-0

[Event "CZE-ch U10 Open 2023"]
[Site "Teplice"]
[Date "2023.03.17"]
[Round "8.5"]
[White "Kroulik, Stepan"]
[Black "Fadrny, Jachym"]
[Result "1-0"]
[ECO "D00"]
[WhiteElo "1228"]
[BlackElo "1279"]
[Annotator "NA RC COMBH"]
[PlyCount "79"]
[EventDate "2023.03.09"]
[EventType "swiss"]
[EventCountry "CZE"]
[SourceTitle "playchess.com"]
[Source "ChessBase"]
[SourceQuality "1"]
[TimeControl "40/5400+30:1800+30"]

1. d4 d5 2. Bf4 Nf6 3. e3 e6 4. Nf3 Nbd7 5. Nbd2 b6 6. c3 Bb7 7. Be2 Be7 8. O-O O-O 9. Rc1 c5 10. h3 c4 11. b3 b5 12. bxc4 bxc4 13. Rb1 Nb6 14. Ne5 Nfd7 15. Ndf3 Nxe5 16. Bxe5 Bc6 17. Qd2 Na4 18. Bd1 Qa5 19. Bxa4 Bxa4 20. Rb7 Qd8 21. Rfb1 Bd6 22. Qb2 Bc6 23. Bxd6 Qxd6 24. Rb4 f6 25. Qe2 e5 26. Qc2 e4 27. Nd2 f5 28. Qd1 f4 29. Qg4 Rf6 30. exf4 Rxf4 31. Qe2 Raf8 32. f3 Qg6 33. Kh1 exf3 34. Nxf3 Kh8 35. Ne5 Qe6 36. Rb8 Be8 37. Qd2 Qh6 38. Qe2 Rf2 39. Rxe8 Rxe8 40. Nf7+ 1-0

[Event "CZE-ch U10 Open 2023"]
[Site "Teplice"]
[Date "2023.03.17"]
[Round "8.6"]
[White "Vo, Daniel"]
[Black "Gernert, Tomas"]
[Result "0-1"]
[ECO "A10"]
[WhiteElo "1440"]
[BlackElo "1362"]
[Annotator "NA RC COMBH"]
[PlyCount "114"]
[EventDate "2023.03.09"]
[EventType "swiss"]
[EventCountry "CZE"]
[SourceTitle "playchess.com"]
[Source "ChessBase"]
[SourceQuality "1"]
[TimeControl "40/5400+30:1800+30"]

1. c4 d5 2. cxd5 Nf6 3. d4 Nxd5 4. Nc3 Bf5 5. Qb3 Nxc3 6. bxc3 b6 7. g3 Be4 8. Nf3 e6 9. Bg2 Be7 10. Ba3 O-O 11. O-O Bxa3 12. Qxa3 Nd7 13. Rfd1 Nf6 14. Rac1 Qd6 15. Qb2 Rac8 16. c4 c5 17. dxc5 Qxc5 18. Nh4 Bxg2 19. Nxg2 Ng4 20. Rf1 Qh5 21. Nh4 g5 22. h3 gxh4 23. hxg4 Qxg4 24. Qb3 Rc5 25. Qf3 Qg6 26. Rc3 Rg5 27. Rd1 f5 28. Rd4 e5 29. Rxh4 Qf6 30. Qb7 Rg7 31. Qd5+ Kh8 32. Rh2 Rd8 33. Qb5 Rd1+ 34. Kg2 f4 35. Qe8+ Rg8 36. Qh5 Qc6+ 37. Rf3 Qc7 38. Rh3 Rd7 39. Kh2 Re7 40. Qh6 Qxc4 41. Qf6+ Rgg7 42. Qf8+ Qg8 43. Qf6 Qxa2 44. Qf8+ Qg8 45. Qf6 Qf7 46. Qd6 fxg3+ 47. fxg3 Qe6 48. Qd3 Re8 49. Rf5 Rd7 50. Qe4 Qd5 51. Qb4 Qc5 52. Qa4 Red8 53. Qh4 Qe3 54. Qf6+ Rg7 55. Qxd8+ Rg8 56. Qd3 Qc5 57. Qd8 Rxd8 0-1

[Event "CZE-ch U10 Open 2023"]
[Site "Teplice"]
[Date "2023.03.17"]
[Round "8.9"]
[White "Vorlik, Jachym"]
[Black "Zelenka, Tomas"]
[Result "0-1"]
[ECO "D00"]
[WhiteElo "1204"]
[BlackElo "1272"]
[Annotator "NA RC COMBH"]
[PlyCount "86"]
[EventDate "2023.03.09"]
[EventType "swiss"]
[EventCountry "CZE"]
[SourceTitle "playchess.com"]
[Source "ChessBase"]
[SourceQuality "1"]
[TimeControl "40/5400+30:1800+30"]

1. d4 d5 2. Bf4 c5 3. c3 Nc6 4. Nf3 e6 5. e3 Nf6 6. Be2 Bd6 7. Bg3 b6 8. O-O Ng4 9. Nbd2 Bxg3 10. hxg3 O-O 11. Nh2 Nxh2 12. Kxh2 e5 13. Bb5 Bb7 14. Bxc6 Bxc6 15. dxe5 d4 16. exd4 cxd4 17. Nf3 dxc3 18. bxc3 Qe8 19. Re1 f6 20. exf6 Qh5+ 21. Kg1 Rxf6 22. Re3 Raf8 23. Rb1 Rh6 24. Kf1 Bb5+ 25. Ke1 Qh1+ 26. Kd2 Rd6+ 27. Nd4 Rxf2+ 28. Kc1 Rf1 29. Kd2 Rxd1+ 30. Rxd1 Qxg2+ 31. Kc1 Ba4 32. Rd2 Qg1+ 33. Kb2 Qxe3 34. Re2 Qd3 35. Rh2 Qxg3 36. Re2 Qg5 37. Re8+ Bxe8 38. Kb3 Qc1 39. Kc4 Bf7+ 40. Kd3 b5 41. a3 Bc4+ 42. Ke4 g5 43. Ke5 Qf4# 0-1

[Event "CZE-ch U10 Open 2023"]
[Site "Teplice"]
[Date "2023.03.17"]
[Round "8.10"]
[White "Bucek, Vit"]
[Black "Koutecky, Vaclav"]
[Result "0-1"]
[ECO "B01"]
[WhiteElo "1198"]
[BlackElo "2060"]
[Annotator "TA"]
[PlyCount "86"]
[EventDate "2023.03.09"]
[EventType "swiss"]
[EventCountry "CZE"]
[SourceTitle "playchess.com"]
[Source "ChessBase"]
[SourceQuality "1"]
[TimeControl "40/5400+30:1800+30"]

1. e4 d5 2. exd5 Nf6 3. d4 Bg4 4. Nf3 Qxd5 5. Be2 Nc6 6. c4 Qh5 (6... Qf5 $11 {should be considered.}) 7. Nc3 {[%emt 0:09:37] B01: Scandinavian Defence.} (7. Be3 $16) 7... O-O-O $11 8. Be3 e6 (8... e5 $11 9. d5 e4) 9. a3 {[%emt 0:02:18] [#]} (9. h3 $16) 9... Be7 $146 (9... Nxd4 $11 {remains equal.} 10. Nxd4 (10. Bxd4 c5 $17) 10... c5 11. Bxg4 Nxg4) ({Predecessor:} 9... e5 10. d5 Nd4 11. Nxd4 exd4 12. Bxd4 Bxe2 13. Nxe2 Kb8 14. b4 Bd6 15. Qa4 Rhe8 16. Qxa7+ {1-0 Hajagos,J (1943)-Ferenczi,B (1780) HUN-chT2 Toth 1819 2018 (5.8)}) 10. b4 ({White should try} 10. h3 $16) 10... a6 $2 (10... e5 $1 $14 11. d5 e4) 11. Rb1 Na7 (11... e5 $16 {is a better defense.}) 12. a4 Bf5 13. Rb2 b6 $2 (13... Bg4 14. O-O g5) 14. Ne5 $18 Qh4 15. Nxf7 Ng4 16. Bxg4 Bxg4 17. Qb3 Rhf8 18. Nxd8 Rxd8 19. a5 bxa5 (19... b5 20. O-O Bf5 21. cxb5 Nxb5 22. Nxb5 axb5) 20. bxa5 Kd7 21. Qa4+ Kc8 22. O-O Bd6 23. g3 Qh3 24. f4 (24. Qb3 $2 Bf3 $19) 24... Rf8 25. Qc2 g5 26. Qg2 $2 (26. d5) 26... Qh5 $2 (26... Qxg2+ 27. Kxg2 Nc6) 27. h3 (27. Qb7+ $142 Kd7 28. c5 Bxf4 29. Bxf4 gxf4 30. Rb6) 27... Bxh3 28. Qh2 (28. Qb7+ $18 Kd7 29. d5 (29. Qxa7 Bxf1 30. c5 Qf3 $11)) 28... Qg4 {[%emt 0:00:39] [#]} (28... gxf4 $1 $11 29. Rbf2 (29. Bxf4 Bxf4 30. gxf4 Nc6 $15) 29... Rf5 30. Bxf4 Bxf1 31. Qxh5 Rxh5 32. Bxd6 Bxc4 33. Rf8+ Kd7) 29. Kh1 $2 Bxf1 $19 30. Rf2 Bxc4 {[%emt 0:00:20] aiming for ...Nb5.} 31. Ne2 Bd5+ 32. Kg1 gxf4 33. Bxf4 Bxf4 34. Nxf4 Qd1+ 35. Rf1 Qxd4+ 36. Rf2 Qa1+ 37. Rf1 Qxa5 38. Qh3 Qc5+ 39. Rf2 Qc6 {[%emt 0:00:55] [#] And now ...Qb6 would win.} 40. Rd2 Qc1+ {[%emt 0:00:21] Black mates.} 41. Kh2 Qxd2+ 42. Kg1 Qe1+ 43. Kh2 Qh1# {[%emt 0:00:11] What a bad dream for White.   Weighted Error Value: White=0.68/Black=1.09} 0-1

[Event "CZE-ch U10 Open 2023"]
[Site "Teplice"]
[Date "2023.03.18"]
[Round "9.1"]
[White "Filindash, Nikita"]
[Black "Skoloud, Josef"]
[Result "1-0"]
[ECO "D35"]
[WhiteElo "2021"]
[BlackElo "1090"]
[Annotator "TA"]
[PlyCount "119"]
[EventDate "2023.03.09"]
[EventType "swiss"]
[EventCountry "CZE"]
[SourceTitle "playchess.com"]
[Source "ChessBase"]
[SourceQuality "1"]
[TimeControl "40/5400+30:1800+30"]

1. d4 d5 2. c4 e6 3. Nc3 Nf6 4. cxd5 exd5 5. Bg5 Be7 6. e3 O-O 7. Bd3 Bg4 {[%emt 0:02:23] D35: Queen's Gambit Declined: Exchange Variation.} 8. Qb3 Nbd7 9. h3 Bh5 {[%emt 0:01:27] [#] White is slightly better.} 10. f4 $146 (10. g4 $14 {keeps the upper hand.} Bg6 11. Bxg6 hxg6 12. Bf4) ({Predecessor:} 10. Bf4 Nb6 11. a4 a5 12. Nge2 Bxe2 13. Bxe2 Ne4 14. Nxe4 dxe4 15. Qc2 Bb4+ 16. Kf1 {1-0 Meyer,B (1941)-Wollscheid,S (1793) BL2 West 1718 (Women) 2017 (7.4)}) 10... Ne8 $2 (10... c5 $1 $17 {[%cal Rc5c4] keeps the pressure on. ...c4 would be deadly.} 11. Qc2 cxd4 12. exd4 Qc7) 11. Bxe7 $16 (11. Qxb7 Bxg5 12. fxg5 Qxg5 $17) 11... Qxe7 12. Kd2 (12. Qxd5 $2 {loses.} Qxe3+ 13. Be2 Nef6 $19) (12. Kf2 $16 Nef6 13. g4 (13. Nxd5 Nxd5 14. Qxd5 Nf6 $14)) 12... Qh4 13. Qxd5 (13. Qxb7 $2 {perishes.} Rb8 14. Qxd5 Rxb2+ 15. Kc1 Nef6 $19) 13... Nef6 (13... Ndf6 $1 $11 14. Qe5 (14. Qxb7 Nd6 $17) 14... Qf2+ 15. Nge2 Bxe2 16. Nxe2 Rd8) 14. Qg5 $36 {[%emt 0:01:01][%mdl 2048] Keeping Black busy.} Qf2+ 15. Nge2 {[%emt 0:00:25] The board is on fire.} Rfe8 (15... Bxe2 $14 16. Nxe2 Rfe8) 16. Qg3 $18 {[%emt 0:00:27] Active counter play!} Qxg3 17. Nxg3 Rad8 18. Nxh5 Nxh5 19. g4 Nhf6 20. Rhe1 (20. g5 $18) 20... Nb6 $16 21. g5 Nfd7 (21... Nfd5 $16 {was necessary.} 22. Nxd5 Nxd5) 22. Kc2 c5 23. Bb5 ({White should try} 23. d5 $18) 23... Re7 (23... cxd4 $16 24. exd4 Re6 25. Bxd7 Rxd7) 24. d5 $18 a6 25. Bf1 Nf8 26. e4 (26. Rad1 $18) 26... Ng6 $16 27. f5 Ne5 28. Be2 Nbd7 (28... Nc8 $142) 29. b3 f6 {[%emt 0:01:29] [#]} 30. d6 $1 Ree8 31. Nd5 {[%emt 0:00:23] Nc7 is the strong threat.} fxg5 {[%emt 0:01:29] [#]} (31... Nf7 $16) 32. Nc7 $1 $18 Nf7 $2 (32... Rf8 {was called for.} 33. Ne6 Rfe8 34. Nxd8 Rxd8) 33. Nxe8 Rxe8 34. Bc4 {[%emt 0:00:08][%cal Oe4e5] aiming for e5!} Nde5 35. Rad1 Nxc4 $2 (35... Rd8 36. d7 h5) 36. bxc4 {[%emt 0:00:11][%mdl 4096] Endgame KRR-KRN} Ne5 37. Rd5 Nxc4 38. e5 {[%emt 0:00:14][%cal Be4e5,Be5e6][%mdl 32] Threatening mate with d7.} Rd8 39. e6 {[%emt 0:00:28][%cal Oe6e7] Intending e7! and mate.} Nxd6 {[%emt 0:01:14] [#]} 40. Rxd6 $1 {[%emt 0:00:30][%cal Rd6d8][%mdl 576] Promotion} Re8 (40... Ra8 41. Red1) 41. Rd7 b5 42. Ra7 b4 43. Rxa6 c4 44. e7 {[%emt 0:00:36] Threatens to win with Rb6.} b3+ 45. axb3 {[%emt 0:00:21] White mates.} cxb3+ 46. Kxb3 Kf7 47. Ra7 h5 48. Kc4 g4 49. hxg4 hxg4 50. Kd5 g3 51. Rg1 g6 52. fxg6+ Kxg6 53. Rxg3+ Kf6 54. Rf3+ Kg6 55. Rf8 Kh6 56. Rxe8 Kh5 57. Rg8 Kh6 58. Ra1 Kh7 59. Rg2 Kh8 60. Rh1# {[%emt 0:00:08] Weighted Error Value: White=0.18 (very precise) /Black=0.58} 1-0

[Event "CZE-ch U10 Open 2023"]
[Site "Teplice"]
[Date "2023.03.18"]
[Round "9.1"]
[White "Fizer, Marek"]
[Black "Vilimek, Vit"]
[Result "*"]
[ECO "D31"]
[WhiteElo "1929"]
[BlackElo "2018"]
[Annotator "TA"]
[PlyCount "31"]
[EventDate "2023.03.09"]
[EventType "swiss"]
[EventCountry "CZE"]
[SourceTitle "playchess.com"]
[Source "ChessBase"]
[SourceQuality "1"]
[TimeControl "40/5400+30:1800+30"]

1. d4 d5 2. c4 e6 3. Nc3 Nf6 4. cxd5 exd5 5. Bg5 Be7 6. e3 O-O 7. Bd3 Bg4 {[%emt 0:02:23] D35: Queen's Gambit Declined: Exchange Variation.} 8. Qb3 Nbd7 9. h3 Bh5 {[%emt 0:01:27] [#]   Weighted Error Value: White=0.00 (flawless) /Black=0.13 (very precise)} {Predecessor:} 10. Bf4 $146 Nb6 11. a4 a5 12. Nge2 Bxe2 13. Bxe2 Ne4 14. Nxe4 dxe4 15. Qc2 Bb4+ 16. Kf1 {1-0 Meyer,B (1941)-Wollscheid,S (1793) BL2 West 1718 (Women) 2017 (7.4)} *

[Event "CZE-ch U10 Open 2023"]
[Site "Teplice"]
[Date "2023.03.18"]
[Round "9.2"]
[White "Mametev, Artem"]
[Black "Paseka, Matyas"]
[Result "*"]
[WhiteElo "2074"]
[BlackElo "2082"]
[Annotator "TA"]
[PlyCount "26"]
[EventDate "2023.03.09"]
[EventType "swiss"]
[EventCountry "CZE"]
[SourceTitle "playchess.com"]
[Source "ChessBase"]
[SourceQuality "1"]
[TimeControl "40/5400+30:1800+30"]

1. e4 g6 2. d4 Bg7 3. c4 d6 4. f4 a6 5. Nf3 Bg4 6. Be2 {[%emt 0:00:20] [#] A41: 1 d4 d6: Tartakower System and Modern Defence.} Nd7 $146 ({Predecessor:} 6... c5 7. d5 Nd7 8. O-O Qc7 9. Nc3 Ngf6 10. Be3 O-O 11. h3 Bxf3 12. Bxf3 e6 {1-0 Mendez,D-Escamilla,V ESA-ch San Salvador 2003 (6)}) 7. O-O e6 8. Be3 {[%emt 0:00:38] White is better.} Ne7 9. Nbd2 O-O 10. h3 Bxf3 11. Bxf3 f5 (11... c5 $11) 12. e5 Rb8 (12... dxe5 $1 $11 {remains equal.} 13. dxe5 (13. fxe5 c5 $14) 13... g5) 13. Qb3 {[%emt 0:01:12] White is more active.} (13. Nb3 $16) 13... b6 {[%emt 0:11:12] Weighted Error Value: White=0.16 (very precise) /Black=0.32} (13... dxe5 $14 14. dxe5 (14. fxe5 c5 $11) 14... g5) *

[Event "CZE-ch U10 Open 2023"]
[Site "Teplice"]
[Date "2023.03.18"]
[Round "9.2"]
[White "Lutskiy, Mikhail"]
[Black "Kolar, Edvard"]
[Result "1-0"]
[ECO "B06"]
[WhiteElo "1150"]
[BlackElo "1518"]
[Annotator "NA RC COMBH"]
[PlyCount "62"]
[EventDate "2023.03.09"]
[EventType "swiss"]
[EventCountry "CZE"]
[SourceTitle "playchess.com"]
[Source "ChessBase"]
[SourceQuality "1"]
[TimeControl "40/5400+30:1800+30"]

1. e4 g6 2. d4 Bg7 3. c4 d6 4. f4 a6 5. Nf3 $14 Bg4 6. Be2 Nd7 7. O-O e6 8. Be3 Ne7 9. Nbd2 O-O 10. h3 Bxf3 11. Bxf3 f5 12. e5 Rb8 13. Qb3 b6 14. exd6 cxd6 15. Qa3 Qc7 16. Qxa6 e5 17. dxe5 dxe5 18. fxe5 Bxe5 19. Rab1 Nf6 20. Rfc1 Bd6 21. b4 Nd7 22. c5 bxc5 23. bxc5 Rxb1 24. Nxb1 Nxc5 25. Qc4+ Kh8 26. Bxc5 Bxc5+ 27. Qxc5 Qf4 28. Rc4 Qg5 29. Qe5+ Kg8 30. Rc7 Rb8 31. Bd5+ Nxd5 1-0

[Event "CZE-ch U10 Open 2023"]
[Site "Teplice"]
[Date "2023.03.18"]
[Round "9.3"]
[White "Janous, Marek"]
[Black "Prazak, Daniel"]
[Result "*"]
[WhiteElo "2124"]
[BlackElo "2064"]
[Annotator "TA"]
[PlyCount "32"]
[EventDate "2023.03.09"]
[EventType "swiss"]
[EventCountry "CZE"]
[SourceTitle "playchess.com"]
[Source "ChessBase"]
[SourceQuality "1"]
[TimeControl "40/5400+30:1800+30"]

1. Nf3 d5 2. e3 Nf6 3. c4 e6 4. Nc3 b6 5. cxd5 Nxd5 6. d4 Bb7 7. Bd3 {[%emt 0:01:01] E14: Queen's Indian: Classical Variation (4 e3).} Be7 8. O-O {[%emt 0:05:50] [#] A rather calm draw.} {Predecessor:} O-O $146 9. Nxd5 Bxd5 10. Qc2 h6 11. e4 Bb7 12. Rd1 Nd7 13. Bf4 c5 14. d5 exd5 15. exd5 Bf6 16. Rd2 Re8 {1-0 Hou,Y (2686)-Sanal,V (2487) Nakhchivan op 2015 (7)} *

[Event "CZE-ch U10 Open 2023"]
[Site "Teplice"]
[Date "2023.03.18"]
[Round "9.3"]
[White "Velim, Vojtech"]
[Black "Trejbal, Jindrich"]
[Result "1-0"]
[ECO "A06"]
[WhiteElo "1369"]
[BlackElo "1937"]
[Annotator "TA"]
[PlyCount "111"]
[EventDate "2023.03.09"]
[EventType "swiss"]
[EventCountry "CZE"]
[SourceTitle "playchess.com"]
[Source "ChessBase"]
[SourceQuality "1"]
[TimeControl "40/5400+30:1800+30"]

1. Nf3 d5 2. e3 Nf6 3. c4 e6 4. Nc3 b6 5. cxd5 Nxd5 6. d4 Bb7 7. Bd3 Be7 8. O-O O-O 9. e4 {[%emt 0:01:15] E14: Queen's Indian: Classical Variation (4 e3).} Nb4 {[%emt 0:02:51] [#] White must now prevent ...Nxd3.} 10. a3 $146 ({White should try} 10. Bb5 $11) ({Predecessor:} 10. Bc4 c5 11. dxc5 Bxc5 12. Qe2 Nd7 13. Rd1 Qc8 14. a3 Nc6 15. b4 Be7 16. Bf4 Bf6 {1-0 Kobo,O (2508)-Erenberg,A (2393) Jerusalem Japhet Memorial op 4th 2018 (5)}) 10... Nxd3 $17 {[%emt 0:01:34][%mdl 64] Remove Defender} 11. Qxd3 {[%emt 0:00:13] Black is clearly better.} Ba6 {[%emt 0:02:10][%mdl 64] Skewer, Deflection. This pair of bishops is nice.} 12. Qc2 Bxf1 13. Kxf1 c5 14. d5 exd5 15. Nxd5 Nc6 16. b4 Rc8 $19 17. Bd2 (17. Bb2 {is a better defense.}) 17... cxb4 18. axb4 {[%emt 0:00:52] [#]} Nxb4 $4 {[%emt 0:02:21][%mdl 8192] [#]} 19. Qxc8 $3 $18 {[%emt 0:00:32][%mdl 576] Decoy. Black is now going downhill.} Nxd5 20. Qxd8 Rxd8 21. exd5 a5 22. Be3 Rb8 23. Rb1 Bd8 (23... a4 $142 24. Rxb6 Rxb6 25. Bxb6 a3) 24. Ne5 Rb7 25. d6 f6 26. Nc6 Rd7 27. Nxd8 Rxd8 28. Rxb6 {[%emt 0:00:27][%mdl 4096] Endgame KRB-KR} Kf7 29. Ra6 Ke6 30. Bf4 g5 31. Bg3 f5 32. d7+ Kxd7 33. Rd6+ Ke7 34. Rxd8 Kxd8 {[%emt 0:00:06] KB-KP} 35. Bd6 Kd7 36. Ba3 Ke6 37. Ke2 Ke5 38. Kd3 h5 39. g3 {[%emt 0:02:43] White mates.} f4 40. h4 Kf5 41. hxg5 fxg3 42. fxg3 Kxg5 {[%emt 0:00:11] [#] KB-KPP} 43. Be7+ $1 Kg4 {[%emt 0:01:03] [#]} 44. Bh4 $1 ({Inferior is} 44. Bd6 h4 45. gxh4 Kxh4 $11) 44... Kf3 45. Kc4 Ke4 46. Kb5 Kd5 47. Kxa5 {[%emt 0:00:19] KB-KP} Kc5 48. Bg5 Kd4 49. Kb4 Kd5 50. Kb5 Ke4 51. Kc4 Kf5 52. Bh4 Ke4 53. Kc5 Ke5 54. Kc6 Kf5 55. Kd5 Kg6 56. Ke6 {[%emt 0:00:35] Artfully played by Velim.   Weighted Error Value: White=0.39/Black=0.62} 1-0

[Event "CZE-ch U10 Open 2023"]
[Site "Teplice"]
[Date "2023.03.18"]
[Round "9.4"]
[White "Lang, Simon"]
[Black "Seidl, Jan"]
[Result "*"]
[ECO "B40"]
[WhiteElo "1974"]
[BlackElo "2025"]
[Annotator "TA"]
[PlyCount "31"]
[EventDate "2023.03.09"]
[EventType "swiss"]
[EventCountry "CZE"]
[SourceTitle "playchess.com"]
[Source "ChessBase"]
[SourceQuality "1"]
[TimeControl "40/5400+30:1800+30"]

1. e4 c5 2. Nf3 e6 3. Nc3 Nc6 4. Bb5 d6 5. d4 cxd4 6. Nxd4 Bd7 7. O-O Nf6 8. Be3 Be7 {[%emt 0:00:34] B56: Classical Sicilian: Unusual Lines.} 9. f4 O-O 10. Qf3 Nxd4 {[%emt 0:00:31] The position is equal.} 11. Bxd4 Bxb5 12. Nxb5 {[%emt 0:00:16] [#]} a6 $146 ({Predecessor:} 12... d5 13. exd5 Qxd5 14. Qxd5 Nxd5 15. Nxa7 Nb4 16. Rf2 Rfd8 17. Bb6 Rd7 18. c4 Bd8 19. Bxd8 Rdxd8 {0-1 O'Brien,A (1716)-Gomez Galan Arense,J (2012) CFriend CP.2005.P.00024}) 13. Nc3 Qc7 14. Rae1 e5 15. Be3 b5 16. fxe5 {[%emt 0:01:13] A rather calm draw.   Weighted Error Value: White=0.11 (very precise) /Black=0.03 (flawless)} *